 Dungeon Crawl Stone Soup version 0.31-a0-971-g75a2e9a4b4 (webtiles) character file.

Game seed: 8008405147500413407

459 BinkBink the Ruffian (level 6, -3/62 HPs)
             Began as a Troll Berserker on Oct 28, 2023.
             Was a Priest of Trog.
             Slain by an ogre
             ... wielding a +0 giant spiked club
              (20 damage)
             ... on level 4 of the Dungeon.
             The game lasted 00:02:44 (2799 turns).

BinkBink the Ruffian (Troll Berserker)              Turns: 2799, Time: 00:02:45

Health: -3/62      AC:  7    Str: 26    XL:     6   Next: 78%
Magic:  5/5        EV: 10    Int:  3    God:    Trog [***...]
Gold:   216        SH:  0    Dex: 11    Spells: 5/5 levels left

rFire   + .          .
                       - Unarmed
rCold   . . .        (no shield)
rNeg    + . .        a - +0 animal skin
rPois   .            (helmet restricted)
rElec   .            o - +2 cloak {Will+}
rCorr   .            (gloves unavailable)
SInv    .            (boots unavailable)
Will    +....        (no amulet)
Stlth   +            c - ring of positive energy
HPRegen 1.10/turn    k - ring of protection from fire
MPRegen 0.09/turn

%: no passive effects
@: no status effects
A: large, unfitting armour, claws 3, regeneration 1, shaggy fur 1, tough skin 1
a: Renounce Religion, Berserk, Trog's Hand


You were on level 4 of the Dungeon.
You worshipped Trog.
Trog was most pleased with you.
You visited 1 branch of the dungeon, and saw 4 of its levels.

You collected 216 gold pieces.

Inventory:

Armour
 a - a +0 animal skin (worn)
 o - a +2 cloak of willpower (worn)
Jewellery
 c - a ring of positive energy (left claw)
 k - a ring of protection from fire (right claw)
Talismans
 f - a flux talisman
Wands
 l - a wand of iceblast (7)
 q - a wand of flame (3)
Scrolls
 b - 4 scrolls of teleportation {unknown}
 d - 2 scrolls of blinking {unknown}
 e - a scroll of brand weapon {unknown}
 g - 7 scrolls of identify {unknown}
 h - a scroll of immolation {unknown}
 i - a scroll of noise {unknown}
 j - 4 scrolls of amnesia {unknown}
 p - a scroll of enchant weapon {unknown}
Potions
 m - a potion of might {unknown}
 n - a potion of haste {unknown}
 r - a potion of mutation {unknown}


   Skills:
 + Level 3.8 Fighting
 + Level 3.8 Dodging
 + Level 4.7 Unarmed Combat
 + Level 2.7 Shapeshifting


You had 5 spell levels left.
You didn't know any spells.
Your spell library was empty.

Dungeon Overview and Level Annotations

Branches:
Dungeon (4/15)
 Temple: D:4-7

Altars:
Elyvilon
Okawaru
Vehumet


Innate Abilities, Weirdness & Mutations

You are too large for most types of armour.
You have claws for hands.
Your natural rate of healing is unusually fast.
You are covered in fur. (AC +1)
You have tough skin. (AC +1)


Message History

You kill the black bear!
Trog accepts your kill. The dart slug launches a dart at you.
The slug dart hits you but does no damage.
Unknown command.
You claw the dart slug!
The dart slug is almost dead.
The dart slug bites you but does no damage.
You claw the dart slug!
You kill the dart slug!
Trog accepts your kill.
You start resting.
HP restored.
g - 6 scrolls labelled TUNAUZ QEUBUOT (gained 2)
Found 2 stones.
b - 3 scrolls labelled SOUPOO YGAETI (gained 1)
Found an escape hatch in the ceiling.
b - 4 scrolls labelled SOUPOO YGAETI (gained 1)
g - 7 scrolls labelled TUNAUZ QEUBUOT (gained 1)
An ogre comes into view. It is wielding a +0 giant spiked club.
The ogre shouts!
An ogre is nearby!
An ogre is nearby!
An ogre is nearby!
The ogre hits you with a +0 giant spiked club!!
Ouch! That really hurt!
You see here a scroll labelled TUNAUZ QEUBUOT.
You are too injured to fight recklessly!
You are too injured to fight recklessly!
You are too injured to fight recklessly!
You claw the ogre!
The ogre is severely wounded.
The ogre hits you with a +0 giant spiked club!
* * * LOW HITPOINT WARNING * * *
You scratch the ogre.
The ogre is severely wounded.
You barely miss the ogre.
The ogre is severely wounded.
The ogre hits you with a +0 giant spiked club!!
You die...

........#....###....#...##...##
.....####.##.###...)...####.)..
.... .# ...#.......## ###.. ...
.# #.# ####...####.. .. .# #.##
#...###. . .. ##..## #.#.####
....# #....# #O#.# #######..###
#@#.###....#......
#........#........
####......##......
####...###..... #.......####
######..#### #...... ...####
..### #


You could see an ogre.

Vanquished Creatures
  A black bear (D:4)
  Crazy Yiuf (D:2)
  An orc priest (D:3)
  An iguana (D:4)
  Robin (D:2)
  16 gnolls
  2 adders (D:2)
  A worm (D:2)
  5 dart slugs
  8 orcs
  3 bats
  4 endoplasms
  2 giant cockroaches (D:3)
  13 goblins
  6 hobgoblins
  4 jackals (D:2)
  4 kobolds
  3 quokkas
  9 ball pythons
  2 frilled lizards
  4 rats
91 creatures vanquished.

Notes
Turn   | Place    | Note
-------+----------+-------------------------------------------
     0 | D:1      | BinkBink the Troll Berserker began the quest for the Orb.
     0 | D:1      | Reached XP level 1. HP: 22/22 MP: 0/0
    96 | D:1      | Reached XP level 2. HP: 29/29 MP: 1/1
   407 | D:1      | Reached XP level 3. HP: 35/36 MP: 2/2
   599 | D:2      | Noticed Robin
   627 | D:2      | Reached ** piety under Trog
   637 | D:2      | Killed Robin
   770 | D:2      | Found a white marble altar of Elyvilon.
   793 | D:2      | Reached XP level 4. HP: 41/44 MP: 3/3
   846 | D:2      | Reached skill level 1 in Shapeshifting
  1236 | D:2      | Found a runed translucent door.
  1237 | D:2      | Noticed Crazy Yiuf
  1499 | D:2      | Killed Crazy Yiuf
  1500 | D:2      | Reached skill level 4 in Unarmed Combat
  1500 | D:2      | Reached XP level 5. HP: 32/53 MP: 4/4
  1894 | D:3      | Found a radiant altar of Vehumet.
  2059 | D:3      | Reached XP level 6. HP: 44/61 MP: 5/5
  2093 | D:3      | Reached *** piety under Trog
  2686 | D:4      | Found an iron altar of Okawaru.
  2799 | D:4      | Slain by an ogre

Illustrated notes

Levels and vault maps discovered:
D:1:      dpeg_arrival_rooms_c, layout_loops_ring, chequers_mini_garden
D:2:      layout_loops_ring, basic_altar, uniq_crazy_yiuf_cottage, uniq_robin
D:3:      layout_basic, vehumet_altar_wand_db, minmay_misc_feat_secret_circle
D:4:      layout_rooms, general_overflow_altar

Skill      XL: |  1  2  3  4  5 |
---------------+----------------+-----
Dodging        | 3 |  3.8
Shapeshifting  | 1 2 |  2.7
Fighting       | 3 |  3.8
Unarmed Combat | 4 |  4.7

Action                     |  1- 3 |  4- 6 || total
---------------------------+-------+-------++-------
  Melee: Unarmed           |    79 |   133 ||   212
         Punch             |     2 |     4 ||     6
   Stab: Sleeping          |     4 |     1 ||     5
 Armour: Animal skin       |    48 |   104 ||   152
  Dodge: Dodged            |    42 |    63 ||   105

Table legend: (Time is in decaauts)
 A = Elapsed time spent in this place.
 B = Non-inter-level travel time spent in this place.
 C = Inter-level travel time spent in this place.
 D = Time resting spent in this place.
 E = Time spent auto-exploring this place.
 F = Levels seen in this place.
 G = Mean time per level.
                   A        B        C        D        E       F      G
               +--------+--------+--------+--------+--------+-----+--------+
         Total |   2782 |   2672 |    110 |     39 |   2155 |   4 |  695.5 |
       Dungeon |   2782 |   2672 |    110 |     39 |   2155 |   4 |  695.5 |
               +--------+--------+--------+--------+--------+-----+--------+

Top non-repeatable levels by time:
     D:3: 986 daAuts
     D:2: 962 daAuts
     D:1: 595 daAuts
     D:4: 237 daAuts
